 Dungeon Crawl Stone Soup version 0.23.1 (webtiles) character file.

Game seed: 903847358543822760

13064 Kairos the Cleaver (level 12, -11/61 HPs)
             Began as a Vine Stalker Fighter on Mar 5, 2019.
             Was a High Priest of Okawaru.
             Mangled by a spiny frog (14 damage)
             ... on level 3 of the Lair of Beasts.
             The game lasted 00:20:07 (9014 turns).

Kairos the Cleaver (Vine Stalker Fighter)           Turns: 9014, Time: 00:20:08

Health: -11/61     AC: 21    Str: 25    XL:     12   Next: 2%
Magic:  0/16       EV: 10    Int: 13    God:    Okawaru [*****.]
Gold:   302        SH: 11    Dex: 13    Spells: 11/11 levels left

rFire    . . .     SeeInvis .   w - +2 whip (freeze)
rCold    . . .     Gourm    .   c - +0 shield
rNeg     . . .     Faith    .   b - +1 scale mail
rPois    +         Spirit   +   L - +2 helmet {Int+3}
rElec    .         Reflect  .   x - +0 cloak
rCorr    .         Harm     .   (no gloves)
MR       +....                  (no boots)
Stlth    +++.......             (no amulet)
HPRegen  1.00/turn              C - ring of Robustness {AC+8}
MPRegen  0.15/turn              z - ring of Monkagec {rPois Int+2 Stlth+}

@: finesse, very slightly contaminated
A: fangs 3, regeneration 2, magic shield, antimagic bite, no potion heal 3, rot
immunity
a: Heroism, Finesse, Renounce Religion


You were on level 3 of the Lair of Beasts.
You worshipped Okawaru.
Okawaru was extremely pleased with you.
You were hungry.

You visited 2 branches of the dungeon, and saw 11 of its levels.

You collected 675 gold pieces.
You spent 373 gold pieces at shops.

Inventory:

Hand Weapons
 a - a +4 war axe
 g - a +0 war axe of electrocution
 w - a +2 whip of freezing (weapon)
 J - a +5 broad axe of chopping
 K - a +0 mace of crushing
Missiles
 I - 4 tomahawks (quivered)
Armour
 b - a +1 scale mail (worn)
 c - a +0 shield (worn)
 r - a +0 plate armour
 x - a +0 cloak (worn)
 L - a +2 helmet of intelligence (worn)
Jewellery
 k - an uncursed ring of magical power
 z - the ring of Monkagec (right hand) {rPois Int+2 Stlth+}
   (You bought it in a shop on level 6 of the Dungeon)

   [ring of intelligence]

   It affects your intelligence (+2).
   It protects you from poison.
   It makes you more stealthy.
 C - the ring of Robustness (left hand) {AC+8}
   (You found it on level 3 of the Dungeon)

   [ring of protection]

   It affects your AC (+8).
 D - an uncursed ring of fire
 F - a +5 ring of dexterity
Wands
 p - a wand of disintegration (10)
 v - a wand of random effects (17)
 y - a wand of paralysis (5)
 H - a wand of polymorph (16)
Scrolls
 e - 2 scrolls of fog
 h - 2 scrolls of enchant armour
 i - 3 scrolls of immolation
 l - 4 scrolls of magic mapping
 q - a scroll of fear
 t - 3 scrolls of blinking
 B - 5 scrolls of remove curse {unknown}
 M - a scroll of teleportation
Potions
 d - 3 potions of might
 j - 2 potions of curing {unknown}
 m - a potion of flight {unknown}
 o - 2 potions of degeneration {unknown}
 s - 2 potions of agility {unknown}
 u - 5 potions of brilliance {unknown}
 A - a potion of berserk rage
 E - a potion of mutation {unknown}
Comestibles
 f - 17 rations


   Skills:
 + Level 6.3 Fighting
 * Level 11.5(11.6) Axes
 + Level 0.6(7.4) Maces & Flails
 + Level 6.5 Armour
 + Level 3.7 Dodging
 + Level 5.8 Stealth
 + Level 6.3 Shields
 * Level 5.1 Invocations


You had 11 spell levels left.
You didn't know any spells.
Your spell library contained the following spells:

 Spells                   Type           Power        Failure   Level  Hunger
 Apportation              Tloc           #.....       91%         1    ##.....
 Magic Dart               Conj           #...         91%         1    ##.....
 Summon Butterflies       Summ           #.......     91%         1    ##.....
 Blink                    Tloc           N/A          97%         2    ###....
 Call Imp                 Summ           #.......     97%         2    ###....
 Searing Ray              Conj           #.....       97%         2    ###....
 Slow                     Hex            #.......     97%         2    ###....
 Conjure Flame            Conj/Fire      #.......     99%         3    ####...
 Dazzling Spray           Conj/Hex       #.....       99%         3    ####...
 Lesser Beckoning         Tloc           #.........   99%         3    ####...
 Mephitic Cloud           Conj/Pois/Air  #.......     99%         3    ####...
 Tukima's Dance           Hex            #.......     99%         3    ####...
 Cause Fear               Hex            #.........   100%        4    #####..
 Force Lance              Conj/Tloc      #.......     100%        4    #####..
 Fulminant Prism          Conj/Hex       #.........   100%        4    #####..
 Iskenderun's Mystic Bla  Conj           #.......     100%        4    #####..
 Alistair's Intoxication  Tmut/Pois      #.......     100%        5    ######.
 Silence                  Hex/Air        #.........   100%        5    ######.
 Yara's Violent Unravell  Hex/Tmut       #.........   100%        5    ######.
 Deflect Missiles         Chrm/Air       #.........   100%        6    #######
 Invisibility             Hex            #.......     100%        6    #######
 Discord                  Hex            #.........   100%        8    #######


Dungeon Overview and Level Annotations

Branches:
Dungeon (8/15)             Temple (0/1) D:6            Lair (3/6) D:8
  Swamp (0/4) Lair:3       Spider (0/4) Lair:3

Altars:
Ashenzari
Dithmenos
Fedhas
Kikubaaqudgha
Makhleb
Nemelex Xobeh
Okawaru
Qazlal
Trog
Vehumet
Xom
Yredelemnul
Zin

Shops:
D:4 *   D:6 }=(


Innate Abilities, Weirdness & Mutations

You have razor-sharp teeth.
You heal very quickly.
When hurt, damage is shared between your health and your magic reserves.
Your bite disrupts and absorbs the magic of your enemies.
Potions cannot restore your health.
You are immune to rotting.


Message History

Press: ? - help, Dir - move target cursor You are very lightly contaminated with residual magic.
As you read the scroll of blinking, it crumbles to dust.
The blink frog blinks! x3
The blink frog blinks!
Found a scroll of amnesia.
You feel like a meek peon again.
The blink frog blinks!
A spiny frog comes into view.
The spiny frog croaks.
The blink frog blinks!
You block the spiny frog's attack. You block the spiny frog's attack.
The spiny frog stings you!
* * * LOW HITPOINT WARNING * * *
There is a stone staircase leading up here.
The blink frog hits you!
* * * LOW HITPOINT WARNING * * *
The spiny frog stings you!
You die...

**,,,,,,,,,,,,,,,,,,,>,,,,,,,,,,,
,,,,,,,,,,,............,,,,,,,,,,
**,,,***,*,,..........#***,,,**,,
**,,** *****#.........# ********
***** ##.........# * **
#..........# * ,**
####.........## ** ,,***
#.............# **, ,,*,*
#......@......## **,, ,,,**
*###....FF......## *,*, ,,,,*
#................# ***, ,,,,**
*#..........†.....### ****
,,,,,***...................#*#,**
,,,,,,,,...................#.#.,,
,,,,,,,,............Y......#...,,
,,,,,,,,........t....Y...........
,,,,,,,,.........................


You could see 2 yaks, a spiny frog, a blink frog and a crocodile.

Vanquished Creatures
  A hydra (Lair:2)
  Pikel (D:5)
  2 black mambas (Lair:2)
  A rime drake (Lair:1)
  6 spiny frogs
  3 komodo dragons
  A hornet (D:8)
  2 hippogriffs
  12 yaks
  3 wyverns (D:8)
  A steam dragon (D:8)
  Grum (D:8)
  2 hungry ghosts
  Menkaure (D:3)
  4 porcupines
  9 water moccasins
  An orc warrior (D:6)
  A sky beast (D:8)
  A black bear (D:8)
  2 ice beasts
  4 ogres
  A phantom (D:7)
  2 centaurs
  7 wolves
  4 crocodiles
  5 bullfrogs
  A gnoll sergeant (D:6)
  4 scorpions (D:7)
  4 killer bees (D:6)
  3 wights (D:6)
  A bullfrog zombie (D:3)
  4 crimson imps
  2 jellies (D:6)
  A centaur skeleton (D:4)
  6 hounds
  5 orc wizards
  A bullfrog skeleton (D:7)
  Ijyb (D:4)
  Natasha (twice) (D:2)
  2 iguanas (D:8)
  5 worker ants
  A statue (D:8)
  A killer bee zombie (D:7)
  A worker ant zombie (D:8)
  9 gnolls
  10 adders
  2 adder skeletons
  An adder zombie (D:8)
  2 worms (D:7)
  A dart slug (D:4)
  8 leopard geckos
  10 orcs
  2 ball pythons
  6 bats
  3 giant cockroaches
  2 goblins (D:1)
  8 hobgoblins
  13 jackals
  6 kobolds
  5 quokkas
  4 frilled lizards
  A giant cockroach zombie (D:6)
  A quokka skeleton (D:5)
  3 quokka zombies
  6 rats
226 creatures vanquished.

Vanquished Creatures (others)
  A bullfrog skeleton (D:5)
  A worker ant (D:5)
  A jackal (D:8)
  A plant (Lair:1)
4 creatures vanquished.

Grand Total: 230 creatures vanquished

Notes
Turn   | Place    | Note
-------+----------+-------------------------------------------
     0 | D:1      | Kairos the Vine Stalker Fighter began the quest for the
                  | Orb.
     0 | D:1      | Reached XP level 1. HP: 11/11 MP: 2/2
    45 | D:1      | Reached XP level 2. HP: 13/16 MP: 3/3
   104 | D:1      | Reached skill level 2 in Axes
   163 | D:1      | Reached XP level 3. HP: 19/19 MP: 4/4
   802 | D:2      | Gained mutation: Your natural rate of healing is unusually
                  | fast. [Vine Stalker growth]
   802 | D:2      | Reached XP level 4. HP: 21/23 MP: 3/5
   864 | D:2      | Noticed Natasha
   881 | D:2      | Killed Natasha
   881 | D:2      | Reached skill level 3 in Axes
  1151 | D:2      | Noticed Natasha
  1157 | D:2      | Killed Natasha
  1157 | D:2      | Reached XP level 5. HP: 22/28 MP: 6/6
  1284 | D:3      | Found a transporter.
  1369 | D:3      | Noticed a hungry ghost
  1374 | D:3      | Found a transporter.
  1374 | D:3      | Found a basalt altar of Yredelemnul.
  1375 | D:3      | Found the ring of Robustness {AC+8}
  1378 | D:3      | Noticed Menkaure
  1471 | D:3      | Found a shadowy altar of Dithmenos.
  1685 | D:3      | Found a burning altar of Makhleb.
  1688 | D:3      | Found an iron altar of Okawaru.
  1692 | D:3      | Became a worshipper of Warmaster Okawaru
  1697 | D:3      | Found a shimmering altar of Xom.
  1842 | D:3      | Found an ancient bone altar of Kikubaaqudgha.
  1947 | D:4      | Noticed Ijyb
  2034 | D:4      | Killed Ijyb
  2164 | D:4      | Reached skill level 4 in Axes
  2164 | D:4      | Reached XP level 6. HP: 32/32 MP: 7/7
  2216 | D:4      | Found Tosenete's Assorted Antiques.
  2847 | D:4      | Bought a scroll labeled UNLAJA BIEFF for 18 gold pieces
  2847 | D:4      | Bought 2 scrolls labeled VUULOILU ECOSH for 36 gold pieces
  2847 | D:4      | Bought a scroll labeled VUULOILU ECOSH for 18 gold pieces
  2856 | D:5      | Entered Level 5 of the Dungeon
  2882 | D:5      | Found a basalt altar of Yredelemnul.
  2888 | D:5      | Found a blossoming altar of Fedhas.
  2903 | D:5      | Reached skill level 1 in Dodging
  2916 | D:5      | Found a stormy altar of Qazlal.
  2968 | D:5      | Reached XP level 7. HP: 32/36 MP: 8/8
  2979 | D:5      | Noticed Pikel
  3037 | D:5      | Found a sparkling altar of Nemelex Xobeh.
  3071 | D:5      | Reached * piety under Okawaru
  3071 | D:5      | Reached skill level 5 in Axes
  3071 | D:5      | Reached skill level 1 in Stealth
  3144 | D:5      | Killed Pikel
  3144 | D:5      | Reached ** piety under Okawaru
  3144 | D:5      | Reached skill level 6 in Axes
  3144 | D:5      | Gained mutation: You have razor-sharp teeth. [Vine Stalker
                  | growth]
  3144 | D:5      | Reached XP level 8. HP: 38/42 MP: 9/9
  3459 | D:6      | Found Wuggioxzyeh's Jewellery Shoppe.
  3463 | D:6      | Found Sielip's Gadget Shoppe.
  3623 | D:6      | Found a staircase to the Ecumenical Temple.
  3673 | D:6      | Reached skill level 7 in Axes
  3796 | D:6      | Found Zuoghou's Antique Weapon Emporium.
  3815 | D:6      | Reached *** piety under Okawaru
  3835 | D:6      | Reached skill level 1 in Invocations
  3928 | D:6      | Reached XP level 9. HP: 37/46 MP: 10/10
  4073 | D:6      | Reached skill level 5 in Fighting
  4344 | D:6      | Bought the ring of Monkagec {rPois Int+2 Stlth+} for 301
                  | gold pieces
  4447 | D:3      | Killed Menkaure
  4455 | D:3      | Reached skill level 8 in Axes
  4455 | D:3      | Reached skill level 5 in Armour
  4828 | D:7      | Reached **** piety under Okawaru
  4881 | D:7      | Found a shimmering altar of Xom.
  5555 | D:7      | Reached XP level 10. HP: 51/51 MP: 12/12
  5769 | D:7      | Noticed a moth of wrath
  5771 | D:7      | Found a bloodstained altar of Trog.
  6059 | D:8      | Found a glowing silver altar of Zin.
  6060 | D:8      | Found a shattered altar of Ashenzari.
  6164 | D:8      | Reached skill level 5 in Shields
  6187 | D:8      | Reached skill level 9 in Axes
  6380 | D:8      | Found a radiant altar of Vehumet.
  6615 | D:8      | Reached ***** piety under Okawaru
  6945 | D:8      | Noticed Grum
  6947 | D:8      | Found a staircase to the Lair.
  6957 | D:8      | Killed Grum
  6957 | D:8      | Received a gift from Okawaru
  7047 | Lair:1   | Entered Level 1 of the Lair of Beasts
  7068 | Lair:1   | Reached skill level 5 in Stealth
  7089 | Lair:1   | Reached skill level 10 in Axes
  7089 | Lair:1   | Reached XP level 11. HP: 31/56 MP: 6/14
  7617 | Lair:1   | Received a gift from Okawaru
  7929 | Lair:2   | Reached skill level 11 in Axes
  8226 | Lair:2   | Noticed a four-headed hydra
  8239 | Lair:2   | Killed a four-headed hydra
  8886 | Lair:3   | Found a hole to the Spider Nest.
  8889 | Lair:3   | Noticed a five-headed hydra
  8926 | Lair:3   | Found a gate leading to a gauntlet.
  8972 | Lair:3   | Noticed a five-headed hydra
  8991 | Lair:3   | Reached skill level 5 in Invocations
  8991 | Lair:3   | Gained mutation: You heal very quickly. [Vine Stalker
                  | growth]
  8991 | Lair:3   | Reached XP level 12. HP: 36/61 MP: 12/16
  9014 | Lair:3   | HP: 3/61 [blink frog (9)]
  9014 | Lair:3   | Mangled by a spiny frog

Skill      XL: |  1  2  3  4  5  6  7  8  9 10 11 |
---------------+----------------------------------+-----
Axes           | 2 3 4 6 7 8 10 11 | 11.5
Shields        | 3 4 5 6 |  6.3
Fighting       | 3 4 5 6 |  6.3
Armour         | 3 4 5 6 |  6.5
Dodging        | 1 3 |  3.7
Stealth        | 1 3 5 |  5.8
Invocations    | 1 3 5 |  5.1
Maces & Flails | |  0.6

Action                   |  1- 3 |  4- 6 |  7- 9 | 10-12 || total
-------------------------+-------+-------+-------+-------++-------
Melee: War axe           |    69 |   135 |   216 |    92 ||   512
       Bite              |    13 |    29 |    70 |    74 ||   186
       Broad axe         |       |       |       |   142 ||   142
       Whip              |       |       |       |    17 ||    17
Invok: Heroism           |       |       |     4 |     9 ||    13
       Finesse           |       |       |       |     2 ||     2
  Use: Scroll            |     5 |     6 |     1 |    10 ||    22
       Potion            |       |     1 |       |       ||     1
 Stab: Sleeping          |       |       |     4 |    11 ||    15
  Eat: Chunk             |       |     7 |     1 |     5 ||    13
       Ration            |       |       |     3 |     2 ||     5
Armor: Scale mail        |    28 |    50 |    65 |    99 ||   242
       Skin              |       |     2 |       |       ||     2
Dodge: Dodged            |    25 |    26 |    53 |    84 ||   188
Block: Shield            |    37 |    76 |    87 |   153 ||   353
